 Dungeon Crawl Stone Soup version 0.29.1-12-g30fa7ad0bf (webtiles) character file.

Game seed: 14067628448839611543

512553 cheesebisquit the Wrestler (level 24, -1/253 HPs)
             Began as a Troll Fighter on Jan 18, 2023.
             Was an Elder of Okawaru.
             Splashed by Dissolution's acid (4 damage)
             ... on level 5 of the Pits of Slime on Jan 19, 2023.
             The game lasted 05:27:50 (60682 turns).

cheesebisquit the Wrestler (Troll Fighter)         Turns: 60682, Time: 05:27:50

Health: -1/253     AC:  9    Str: 48    XL:     24   Next: 38%
Magic:  0/32       EV: 13    Int: 10    God:    Okawaru [****..]
Gold:   521        SH: 18    Dex:  9    Spells: 25/31 levels left

rFire   . . .      SeeInvis +     - Unarmed
rCold   + + +      Faith    .   e - +5 kite shield {reflect}
rNeg    . . .      Spirit   +   L - +4 skin of Zhor {*Englaciate rC+++ SInv}
rPois   +          Reflect  +   J - +2 hat of Wasted Space {Will+ rCorr}
rElec   .          Harm     .   c - +2 cloak {Will+}
rCorr   +          Rampage  .   (gloves unavailable)
Will    +++..                   (boots unavailable)
Stlth   +++.......              s - amulet "Yrieb" {Spirit rPois Str+4}
HPRegen 1.32/turn               x - +6 ring of strength
MPRegen 0.23/turn               b - ring of Wuj Cadwifoc {Fly Str+3 Int+2}

@: heroic, finesse-ful, engulfed (cannot breathe), corroded, flying, studying 2
skills
A: large, unfitting armour, claws 3, regeneration 1, shaggy fur 1, tough skin 1,
deformed body, deterioration 1, screaming 1
}: 2/15 runes: decaying, serpentine
a: Renounce Religion, Heroism, Finesse


You were on level 5 of the Pits of Slime.
You worshipped Okawaru.
Okawaru was greatly pleased with you.
You visited 10 branches of the dungeon, and saw 47 of its levels.
You also visited: Bailey and Ice Cave.

You collected 6459 gold pieces.
You spent 5938 gold pieces at shops.

Inventory:

Missiles
 n - 17 large rocks (quivered)
 E - 6 boomerangs
 H - 18 javelins
 M - 4 curare-tipped darts
 O - 51 atropa-tipped darts
 Q - 252 stones
 S - 49 poisoned darts
 V - 9 datura-tipped darts
 Z - 8 silver javelins
Armour
 c - a +2 cloak of willpower (worn)
 e - a +5 kite shield of reflection (worn)
 J - the +2 hat of Wasted Space (worn) {Will+ rCorr}
   (You acquired it on level 9 of the Dungeon)

   rCorr:     It protects you from acid and corrosion.
   Will:      It increases your willpower.
 L - the +4 skin of Zhor (worn) {*Englaciate rC+++ SInv}
   (You found it on level 9 of the Dungeon)

   It radiates cold, occasionally slowing all nearby creatures who are not
   resistant to cold.
   rC:        It renders you almost immune to cold.
   SInv:      It lets you see invisible.
Jewellery
 b - the ring of Wuj Cadwifoc (right claw) {Fly Str+3 Int+2}
   (You bought it in a shop on level 1 of the Elven Halls)

   [ring of flight]

   Str:       It affects your strength (+3).
   Int:       It affects your intelligence (+2).
   Fly:       It grants you flight.
 d - a ring of resist corrosion
 h - a +4 ring of slaying
 k - an amulet of regeneration
 p - a ring of willpower
 s - the amulet "Yrieb" (around neck) {Spirit rPois Str+4}
   (You bought it in a shop on level 1 of the Elven Halls)

   [amulet of guardian spirit]

   It causes incoming damage to be divided between your reserves of health and
   magic.
   Str:       It affects your strength (+4).
   rPois:     It protects you from poison.
 x - a +6 ring of strength (left claw)
 B - a ring of positive energy
 P - a ring of flight
 T - the ring of Ofiahoyd {Wiz Fly rElec Dex-2 SInv Stlth+}
   (You found it on level 2 of the Elven Halls)

   [ring of wizardry]

   It improves your spell success rate.
   Dex:       It affects your dexterity (-2).
   rElec:     It insulates you from electricity.
   SInv:      It lets you see invisible.
   Fly:       It grants you flight.
   Stlth:     It makes you more stealthy.
 U - a ring of protection from fire
 W - a ring of protection from cold
Wands
 q - a wand of mindburst (32)
 v - a wand of digging (17)
 w - a wand of flame (44)
 F - a wand of roots (13)
 G - a wand of polymorph (33)
 R - a wand of quicksilver (30)
Scrolls
 a - 3 scrolls of blinking
 i - 11 scrolls of immolation
 j - 7 scrolls of fear
 l - 12 scrolls of teleportation
 t - 8 scrolls of magic mapping
 u - 11 scrolls of fog
 z - 6 scrolls of poison
 I - 2 scrolls of silence
Potions
 f - 4 potions of might
 g - 6 potions of ambrosia
 m - 6 potions of berserk rage
 r - 4 potions of lignification
 A - 3 potions of magic
 C - 3 potions of cancellation
 D - 10 potions of mutation
 K - 3 potions of heal wounds
 N - 4 potions of invisibility
 X - 2 potions of haste
 Y - 11 potions of curing


   Skills:
 - Level 17.3(22.3) Fighting
 - Level 18.5(23.5) Throwing
 - Level 7.5(12.5) Armour
 - Level 9.0(14.0) Dodging
 - Level 13.9(18.9) Shields
 - Level 21.8(26.8) Unarmed Combat
 + Level 4.4 Spellcasting
 + Level 8.2 Transmutations
 + Level 9.8 Earth Magic
 - Level 13.6 Invocations


You had 25 spell levels left.
You knew the following spells:

 Your Spells              Type           Power      Damage    Failure   Level
a - Statue Form           Tmut/Erth      13%        N/A       77%         6

Your spell library contained the following spells:

 Spells                   Type           Power      Damage    Failure   Level
 Beastly Appendage        Tmut           36%        N/A       1%          1
 Sandblast                Erth           42%        2d11      1%          1
 Passwall                 Tmut/Erth      16%        N/A       1%          2
 Wereblood                Tmut           18%        N/A       1%          2
 Sting                    Tmut/Pois      40%        1d5       6%          1
 Petrify                  Tmut/Erth      20%        N/A       8%          4
 Stone Arrow              Conj/Erth      24%        3d8       13%         3
 Lee's Rapid Deconstruct  Erth           10%        3d9*      16%         5
 Spider Form              Tmut/Pois      10%        N/A       19%         3
 Blade Hands              Tmut           9%         N/A       30%         5
 Apportation              Tloc           4%         N/A       32%         1
 Foxfire                  Conj/Fire      8%         2x1d4     32%         1
 Freeze                   Ice            8%         1d3       32%         1
 Necrotise                Necr           8%         1d4       32%         1
 Blink                    Tloc           4%         N/A       43%         2
 Ensorcelled Hibernation  Hex/Ice        4%         N/A       43%         2
 Poisonous Vapours        Pois/Air       4%         N/A       43%         2
 Scorch                   Fire           4%         2d5       43%         2
 Static Discharge         Conj/Air       2%         3-4/arc   43%         2
 Confusing Touch          Hex            2%         N/A       67%         3
 Conjure Flame            Conj/Fire      2%         6-21      67%         3
 Dazzling Flash           Conj/Hex       4%         N/A       67%         3
 Frozen Ramparts          Ice            4%         1d1       67%         3
 Gell's Gravitas          Tloc           2%         N/A       67%         3
 Inner Flame              Hex/Fire       2%         N/A       67%         3
 Lesser Beckoning         Tloc           2%         N/A       67%         3
 Ozocubu's Armour         Ice            2%         N/A       67%         3
 Portal Projectile        Hex/Tloc       4%         N/A       67%         3
 Swiftness                Air            2%         N/A       67%         3
 Teleport Other           Tloc           2%         N/A       67%         3
 Vampiric Draining        Necr           2%         2d6       67%         3
 Borgnjor's Vile Clutch   Necr/Erth      6%         N/A       75%         5
 Alistair's Intoxication  Tmut/Pois      6%         N/A       86%         5
 Yara's Violent Unravell  Hex/Tmut       5%         3d4       86%         5
 Anguish                  Hex/Necr       1%         N/A       97%         4
 Cause Fear               Hex            1%         N/A       97%         4
 Corpse Rot               Necr/Pois/Air  2%         N/A       97%         4
 Dispel Undead            Necr           2%         3d7       97%         4
 Flame Wave               Conj/Fire      2%         2d4       97%         4
 Fulminant Prism          Conj/Hex       1%         3d6       97%         4
 Hailstorm                Conj/Ice       2%         3d3       97%         4
 Iskenderun's Mystic Bla  Conj/Tloc      2%         2d3       97%         4
 Olgreb's Toxic Radiance  Pois           2%         N/A       97%         4
 Passage of Golubria      Tloc           2%         N/A       97%         4
 Sticky Flame             Conj/Fire      2%         2d3       97%         4
 Agony                    Necr           2%         N/A       100%        5
 Freezing Cloud           Conj/Ice/Air   1%         6-21      100%        5
 Silence                  Hex/Air        1%         N/A       100%        5
 Conjure Ball Lightning   Conj/Air       1%         3x3d6     100%        6
 Dispersal                Tloc           1%         N/A       100%        6
 Iron Shot                Conj/Erth      6%         9d2       100%        6
 Starburst                Conj/Fire      1%         6d3       100%        6
 Orb of Destruction       Conj           1%         9d5       100%        7
 Ozocubu's Refrigeration  Ice            1%         4d7       100%        7
 Borgnjor's Revivificati  Necr           1%         N/A       100%        8
 Discord                  Hex            1%         N/A       100%        8
 Disjunction              Tloc           1%         N/A       100%        8
 Ignition                 Fire           1%         3d3       100%        8
 Lehudib's Crystal Spear  Conj/Erth      6%         10d3      100%        8
 Necromutation            Tmut/Necr      5%         N/A       100%        8
 Chain Lightning          Conj/Air       1%         3d1       100%        9
 Death's Door             Necr           1%         N/A       100%        9
 Fire Storm               Conj/Fire      1%         7d1       100%        9
 Shatter                  Erth           10%        3d12*     100%        9
 Summon Small Mammal      Summ           Unusable   N/A       N/A         1
 Animate Armour           Summ/Erth      Unusable   N/A       N/A         4
 Summon Guardian Golem    Hex/Summ       Unusable   N/A       N/A         3
 Tukima's Dance           Hex            Unusable   N/A       N/A         3
 Animate Dead             Necr           Unusable   N/A       N/A         4
 Summon Ice Beast         Ice/Summ       Unusable   N/A       N/A         4
 Death Channel            Necr           Unusable   N/A       N/A         6
 Summon Cactus Giant      Summ           Unusable   N/A       N/A         6
 Spellforged Servitor     Conj/Summ      Unusable   N/A       N/A         7

Dungeon Overview and Level Annotations

Branches:
Dungeon (15/15)            Temple (1/1) D:6            Lair (5/5) D:11
  Swamp (4/4) Lair:2        Snake (4/4) Lair:2        Slime (5/5) Lair:5
    Orc (2/2) D:11            Elf (3/3) Orc:2        Vaults (4/5) D:14
  Crypt (0/3) Vaults:3     Depths (4/4) D:15            Zot (0/5) Depths:4
 Bailey (visited)           IceCv (visited)

Altars:
Ashenzari
Cheibriados
Dithmenos
Elyvilon
Fedhas
Gozag
Hepliaklqana
Kikubaaqudgha
Makhleb
Nemelex Xobeh
Okawaru
Qazlal
Ru
Sif Muna
Trog
Uskayaw
Vehumet
Wu Jian
Xom
Yredelemnul
Zin
The Shining One
Jiyva
Lugonu

Shops:
D:1 ?   D:9 *   D:10 !=!   D:11 ([   D:15 =*(   Orc:1 *   Orc:2 *[!=
Elf:1 :!*=[   Snake:4 [?*[   Vaults:1 :   Vaults:2 *=*(   Depths:1 (

Portals:
Hell: Depths:1 Depths:2 Depths:3 Depths:4
Abyss: Depths:1 Depths:3 Depths:4
Pandemonium: Depths:2 Depths:3 Depths:4
Ziggurat: Depths:3

Annotations:
Lair:3 3 runed translucent doors, cheesebisquit's ghost, journeyman TrFi
Snake:3 2 transporters
Slime:5 Dissolution; Royal Jelly
Vaults:1 2 transporters, Kipt's ghost, adept SpFE
Vaults:3 3 runed translucent doors


Innate Abilities, Weirdness & Mutations

You are too large for most types of armour.
You have claws for hands.
Your natural rate of healing is unusually fast.
You are covered in fur. (AC +1)
You have tough skin. (AC +1)
Armour fits poorly on your strangely shaped body.
Your body sometimes deteriorates upon taking damage.
You occasionally shout uncontrollably at your foes.


Message History

The quicksilver ooze hits you but does no damage.
The quicksilver ooze hits you. x2
You feel your power leaking away. The golden eye blinks at you.
You resist with almost no effort. The golden eye blinks at you.
You resist with almost no effort. You block the rockslime's attack.
The Royal Jelly hits you!!
You are splashed with acid.
You resist. The Royal Jelly hits you!
You are splashed with acid.
You resist.
The azure jelly jiggles.
The azure jelly closely misses you. The azure jelly barely misses you.
You block the azure jelly's attack. The azure jelly hits you.
Dissolution barely misses you. Dissolution hits you.
You are splashed with acid.
You resist. The quicksilver ooze hits you!
You block the quicksilver ooze's attack.
The rockslime hits you!!
You hold your ground!
The quicksilver ooze hits you!!
* * * LOW HITPOINT WARNING * * *
You block the quicksilver ooze's attack.
There is a stone staircase leading up, spattered with blood here.
* * * LOW HITPOINT WARNING * * *
Your lungs strain for air!
The Royal Jelly closely misses you. You block the Royal Jelly's attack.
You block the quicksilver ooze's attack.
The quicksilver ooze misses you. The quicksilver ooze hits you!!
* * * LOW HITPOINT WARNING * * *
You block the quicksilver ooze's attack.
You block the azure jelly's attack. The azure jelly hits you.
* * * LOW HITPOINT WARNING * * *
The azure jelly freezes you. You resist.
* * * LOW HITPOINT WARNING * * *
You block the azure jelly's attack. The azure jelly hits you.
* * * LOW HITPOINT WARNING * * *
The golden eye blinks!
The golden eye blinks at you. You resist with almost no effort.
The rockslime hits you!!
* * * LOW HITPOINT WARNING * * *
You hold your ground!
You block Dissolution's attack. Dissolution hits you!
* * * LOW HITPOINT WARNING * * *
You are splashed with acid.
You resist.
You die...

..............(
...............
........(...(..
...(...(...(...
....(.....(....
.....(.J.(..J..
......JG.......
.(.((.J@J......
..#...JJJ..ยง...
####.........
####......
...... ......
..... .....


You could see the Royal Jelly, Dissolution, an acid blob, an azure jelly, 2
rockslimes, 2 quicksilver oozes and a golden eye (summoned).

Vanquished Creatures
  Sojobo (Vaults:3)
  Bai Suzhen (Snake:3)
  Saint Roka (Vaults:2)
  Margery (Vaults:4)
  Xtahua (Vaults:2)
  7 caustic shrikes (Depths:3)
  3 golden dragons (Depths:3)
  Nikola (Swamp:1)
  3 bone dragons
  2 Ice Fiends (IceCv)
  Rupert (Lair:4)
  2 deep elf blademasters (Elf:3)
  6 liches
  A walking crystal tome (Depths:4)
  2 tentacled monstrosities
  2 titans (Depths:1)
  A walking divine tome (Depths:3)
  4 deep elf master archers (Elf:3)
  2 quicksilver dragons (Depths:3)
  6 sphinxes
  Frances (D:13)
  Gastronok (Orc:1)
  7 acid blobs
  2 storm dragons (Depths:3)
  A thorn hunter (Swamp:1)
  A revenant (Vaults:3)
  Donald (Vaults:2)
  7 tengu reavers
  15 nagarajas
  4 shadow dragons
  3 rockslimes
  Roxanne (Swamp:3)
  5 azure jellies
  The ghost of mif the Severer, a journeyman MiBe of Trog (Snake:4)
  6 fire giants
  16 deep elf sorcerers
  A balrug (Depths:3)
  8 frost giants
  10 vault wardens
  An iron dragon (Depths:3)
  2 orc warlords (Vaults:4)
  3 deep elf elementalists (Elf:3)
  A draconian shifter (Depths:4)
  A draconian stormcaller (Depths:4)
  10 ironbound preservers
  A quicksilver ooze (Slime:1)
  5 ironbound thunderhulks
  19 stone giants
  25 very ugly things
  A vampire knight (Depths:1)
  A green draconian (Depths:4)
  2 black draconians (Depths:4)
  A red draconian (Depths:4)
  4 deep elf demonologists (Elf:3)
  12 deep elf annihilators
  5 bunyips
  A purple draconian (Depths:4)
  2 yellow draconians (Depths:4)
  10 dire elephants
  2 entropy weavers
  Azrael (D:13)
  An eleionoma (Swamp:1)
  10 spark wasps
  6 deep elf death magi (Elf:3)
  A jiangshi (Vaults:3)
  A blizzard demon (Depths:3)
  2 fire dragons
  9 ettins
  3 shambling mangroves
  10 deep elf high priests
  22 hydras
  12 yaktaur captains
  A peacekeeper (Vaults:3)
  10 great orbs of eyes
  4 salamander tyrants
  3 catoblepae
  9 ice dragons
  2 ghost crabs (Swamp:4)
  An ogre mage (D:14)
  7 spriggan air magi
  8 rakshasas
  4 caustic shrike simulacra (IceCv)
  7 vault guards
  7 boulder beetles
  13 ironbound frosthearts
  15 centaur warriors
  14 naga warriors
  5 alligators
  16 anacondas
  7 deep troll shamans
  Erica (D:11)
  32 dancing weapons
  A two-headed ogre (Bailey)
  10 death yaks
  25 tengu warriors
  4 vampire magi
  5 orc high priests
  5 deep troll earth magi
  11 naga sharpshooters
  5 soul eaters
  Nergalle (D:10)
  15 spriggan berserkers
  7 hell knights
  Urug (D:10)
  4 hell hogs (Depths:3)
  4 salamander mystics
  22 deep elf knights
  3 sun demons (Depths:3)
  6 shock serpents
  3 shadow wraiths (Depths:3)
  9 iron trolls
  4 skeletal warriors
  6 spriggan druids
  58 deep trolls
  2 quicksilver dragon simulacra (Depths:3)
  A spark wasp zombie (Depths:3)
  3 goliath frogs
  A spriggan simulacrum (IceCv)
  An orb spider (shapeshifter) (Vaults:2)
  2 obsidian statues (IceCv)
  3 spectral hydras (Swamp:4)
  2 glowing orange brains (Depths:3)
  2 death drakes (Swamp:4)
  2 swamp dragons (Swamp:3)
  3 phantasmal warriors
  10 lindwurms
  A tengu zombie (Depths:3)
  5 bog bodies
  14 deep elf archers
  17 ironbound convokers
  6 naga ritualists
  5 necromancers
  A shadow dragon zombie (Depths:3)
  8 harpies
  A mana viper (shapeshifter) (D:13)
  6 wizards
  13 orc knights
  29 deep elf zephyrmancers
  4 cyclopes
  40 deep elf pyromancers
  5 will-o-the-wisps
  8 mana vipers
  7 manticores
  8 orc sorcerers
  6 shining eyes
  23 salamanders
  A moth of wrath (shapeshifter) (Elf:3)
  A human zombie (Vaults:3)
  50 ugly things
  An iron dragon skeleton (Depths:3)
  Joseph (D:9)
  14 vault sentinels
  14 naga magi
  An ice statue (Depths:3)
  39 black mambas
  11 guardian serpents
  A torpor snail (Lair:1)
  13 elephants
  3 cane toads
  3 unseen horrors
  6 freezing wraiths
  9 rime drakes
  A swamp worm zombie (Swamp:4)
  An efreet (D:14)
  29 yaktaurs
  9 tengu conjurers
  3 ice devils (Depths:3)
  An anaconda simulacrum (IceCv)
  4 kobold demonologists
  5 hydra zombies (Swamp:4)
  5 komodo dragons
  5 bloated husks
  4 golden dragon simulacra
  A merfolk (D:15)
  5 trolls
  A meliai (D:12)
  A polar bear (Lair:5)
  5 tyrant leeches
  9 hornets
  Prince Ribbit (D:7)
  77 slime creatures
  6 alligator zombies (Swamp:4)
  11 blink frogs
  2 dream sheep (Lair:3)
  2 spectral swamp dragons (Swamp:4)
  A shadow (D:8)
  3 air elementals
  2 wyverns
  46 yaks
  16 spriggans
  6 wraiths
  4 water elementals
  4 steam dragons
  4 fire elementals
  2 golden eyes (Slime:2)
  2 basilisks (Lair:5)
  3 redbacks (Vaults:3)
  15 vampire mosquitoes
  16 swamp worms
  Menkaure (D:7)
  A minotaur simulacrum (IceCv)
  10 wargs
  A naga (shapeshifter) (Vaults:3)
  43 nagas
  An ogre zombie (Vaults:3)
  4 hydra simulacra (IceCv)
  2 acid dragons
  4 black bears
  5 hell hounds
  Duvessa (D:7)
  A floating eye (Depths:2)
  28 orc warriors
  16 water moccasins
  A sky beast (D:6)
  2 ice beasts
  2 swamp dragon zombies (Swamp:4)
  16 wolves
  3 ettin simulacra (Depths:3)
  16 ogres
  9 centaurs
  2 human skeletons (Vaults:3)
  The ghost of xian the Firebug, an amateur DsFE (D:3)
  3 kobold brigands
  8 phantoms
  8 bullfrogs
  4 scorpions
  A deep troll simulacrum (IceCv)
  2 necrophages
  A scorpion (shapeshifter) (D:12)
  7 earth elementals
  3 wights (D:9)
  Dowan (D:7)
  The ghost of Dvallin the Chopper, a weakling HODe (D:5)
  6 killer bees (D:8)
  2 lindwurm simulacra (IceCv)
  3 howler monkeys
  4 quasits (D:5)
  12 jellies
  16 orc priests
  Crazy Yiuf (D:2)
  3 gnoll boudas
  3 hounds
  6 iguanas
  18 orc wizards
  6 hell rats (Lair:3)
  10 adders
  25 gnolls
  A swamp drake zombie (Swamp:4)
  A shadow imp (D:5)
  2 white imps
  2 ufetubi
  2 worms
  3 dart slugs
  65 orcs
  11 ball pythons
  6 bats
  10 endoplasms
  3 giant cockroaches
  4 hobgoblins
  11 jackals
  18 kobolds
  A quokka (D:1)
  3 frilled lizards
  9 goblins
  9 rats
1905 creatures vanquished.

Vanquished Creatures (others)
  A deep elf zephyrmancer (Elf:2)
  A bloated husk (Swamp:4)
  A spectral swamp dragon (Swamp:4)
  An ettin simulacrum (Depths:3)
  A kobold brigand (D:10)
  An orc wizard (D:9)
  A spectral swamp drake (Swamp:4)
  An orc (D:8)
  12 foxfires
  11 fungi
  14 plants
45 creatures vanquished.

Grand Total: 1950 creatures vanquished

Notes
Turn   | Place    | Note
-------+----------+-------------------------------------------
     0 | D:1      | cheesebisquit the Troll Fighter began the quest for the
                  | Orb.
     0 | D:1      | Reached XP level 1. HP: 22/22 MP: 0/0
    61 | D:1      | Reached XP level 2. HP: 29/29 MP: 1/1
   134 | D:1      | Reached skill level 3 in Unarmed Combat
   155 | D:1      | Got the Dissertation on Orientation and Charms
   313 | D:1      | Reached XP level 3. HP: 36/36 MP: 2/2
   454 | D:1      | Found a faded altar of an unknown god.
   531 | D:1      | Found Afuisaco's Magic Scroll Shop.
   534 | D:1      | Bought a scroll of identify for 24 gold pieces
   534 | D:1      | Bought a scroll of identify for 24 gold pieces
  1084 | D:2      | Reached skill level 4 in Unarmed Combat
  1121 | D:2      | Reached XP level 4. HP: 44/44 MP: 3/3
  1416 | D:2      | Found a runed translucent door.
  1417 | D:2      | Noticed Crazy Yiuf
  1705 | D:2      | Killed Crazy Yiuf
  1706 | D:2      | Reached skill level 1 in Throwing
  1984 | D:3      | Reached XP level 5. HP: 52/52 MP: 4/4
  1990 | D:3      | Found a runed translucent door.
  1991 | D:3      | Noticed xian's ghost (amateur DsFE)
  2248 | D:3      | Reached skill level 5 in Unarmed Combat
  2260 | D:3      | Found a blossoming altar of Fedhas.
  2599 | D:3      | Killed xian's ghost
  2600 | D:3      | Reached XP level 6. HP: 59/61 MP: 5/5
  2614 | D:3      | Got the Atlas of the Transposed Impact
  2956 | D:4      | Reached skill level 6 in Unarmed Combat
  2957 | D:4      | Reached XP level 7. HP: 55/67 MP: 6/6
  3501 | D:5      | Entered Level 5 of the Dungeon
  3732 | D:5      | Reached skill level 7 in Unarmed Combat
  3778 | D:5      | Identified a scroll of acquirement
  3780 | D:5      | Acquired a +0 kite shield of reflection
  3926 | D:5      | Found a transporter.
  4032 | D:5      | Reached XP level 8. HP: 79/79 MP: 7/7
  4165 | D:5      | Identified the +5 dagger of Armageddon {freeze, rElec rF-
                  | Int+4}
  4368 | D:5      | Noticed Dvallin's ghost (weakling HODe)
  4397 | D:5      | Found a transporter.
  5072 | D:6      | Found a staircase to the Ecumenical Temple.
  5080 | Temple   | Entered the Ecumenical Temple
  5258 | Temple   | Became a worshipper of Warmaster Okawaru
  5469 | D:6      | Reached skill level 8 in Unarmed Combat
  5815 | D:7      | Noticed Prince Ribbit
  5837 | D:7      | Killed Prince Ribbit
  5838 | D:7      | Reached skill level 5 in Fighting
  5974 | D:5      | Killed Dvallin's ghost
  6213 | D:1      | Bought a scroll of fog for 48 gold pieces
  6213 | D:1      | Bought a scroll of identify for 24 gold pieces
  6213 | D:1      | Bought a scroll of fog for 48 gold pieces
  6445 | D:7      | Noticed Duvessa
  6445 | D:7      | Noticed Dowan
  6457 | D:7      | Killed Duvessa
  6457 | D:7      | Reached * piety under Okawaru
  6458 | D:7      | Reached XP level 9. HP: 69/88 MP: 8/8
  6459 | D:7      | Killed Dowan
  6460 | D:7      | Reached skill level 5 in Throwing
  6672 | D:7      | Reached skill level 9 in Unarmed Combat
  6752 | D:7      | Noticed Menkaure
  6762 | D:7      | Killed Menkaure
  6918 | D:7      | Found an opulent altar of Gozag.
  7126 | D:7      | Found a radiant altar of Vehumet.
  7678 | D:8      | Noticed a troll
  7687 | D:8      | Killed a troll
  7688 | D:8      | Reached skill level 10 in Unarmed Combat
  7799 | D:8      | Reached ** piety under Okawaru
  7815 | D:8      | Noticed a kobold demonologist
  7823 | D:8      | Killed a kobold demonologist
  7868 | D:8      | Found a flagged portal.
  7909 | Bailey   | Entered a bailey
  7936 | Bailey   | Reached XP level 10. HP: 94/100 MP: 9/9
  7952 | Bailey   | Reached *** piety under Okawaru
  7995 | Bailey   | Noticed a two-headed ogre
  8006 | Bailey   | Killed a two-headed ogre
  8248 | D:8      | Received a gift from Okawaru
  8479 | D:8      | Noticed a boulder beetle
  8481 | D:8      | Noticed a deep elf pyromancer
  8490 | D:8      | Killed a deep elf pyromancer
  8492 | D:8      | Killed a boulder beetle
  8575 | D:8      | Noticed a boulder beetle
  8927 | D:8      | Identified the +1 robe of the Eternal Fruit {*Corrode
                  | Int+5}
  8956 | D:8      | Found a white marble altar of Elyvilon.
  8956 | D:8      | Found a bloodstained altar of Trog.
  8965 | D:8      | Found a glowing silver altar of Zin.
  8967 | D:8      | Found a faded altar of an unknown god.
  8969 | D:8      | Found a faded altar of an unknown god.
  8996 | D:8      | Reached XP level 11. HP: 113/113 MP: 10/10
  9035 | D:8      | Killed a boulder beetle
  9035 | D:8      | Reached **** piety under Okawaru
  9035 | D:8      | Received a gift from Okawaru
  9199 | D:9      | Noticed Joseph
  9409 | D:9      | Noticed a centaur warrior
  9616 | D:9      | Killed a centaur warrior
  9743 | D:9      | Received a gift from Okawaru
  9817 | D:9      | Found the +4 skin of Zhor {*Englaciate rC+++ SInv}
  9920 | D:9      | Found Hezafaoh's General Store.
  9929 | D:9      | Bought 2 stones for 2 gold pieces
  9929 | D:9      | Bought a wand of polymorph (6) for 100 gold pieces
  9929 | D:9      | Bought 6 stones for 7 gold pieces
  9929 | D:9      | Bought a scroll of blinking for 90 gold pieces
  9929 | D:9      | Bought a scroll of identify for 24 gold pieces
  9929 | D:9      | Bought 9 stones for 10 gold pieces
  9930 | D:9      | Acquired the +2 hat of Wasted Space {Will+ rCorr}
  9997 | D:9      | Killed Joseph
 10174 | D:9      | Reached skill level 11 in Unarmed Combat
 10416 | D:10     | Entered Level 10 of the Dungeon
 10526 | D:10     | Noticed Urug
 10541 | D:10     | Killed Urug
 10646 | D:10     | Noticed Nergalle
 10654 | D:10     | Killed Nergalle
 10655 | D:10     | Reached skill level 10 in Throwing
 10740 | D:10     | Found Umuavil's Distillery.
 10816 | D:10     | Found Ullev's Distillery.
 10822 | D:10     | Bought a potion of heal wounds for 55 gold pieces
 10822 | D:10     | Bought a potion of heal wounds for 55 gold pieces
 10936 | D:10     | Found Tiudghoke's Jewellery Emporium.
 11083 | D:10     | Reached ***** piety under Okawaru
 11189 | D:10     | Bought a potion of curing for 39 gold pieces
 11294 | D:10     | Found a burning altar of Makhleb.
 11297 | D:10     | Found a basalt altar of Yredelemnul.
 11300 | D:10     | Found a sacrificial altar of Ru.
 11465 | D:11     | Found Usetuquk's Weapon Shoppe.
 11465 | D:11     | Found a staircase to the Orcish Mines.
 11467 | D:11     | Found Wekhetanna's Armour Shoppe.
 11484 | D:11     | Noticed Erica
 11495 | D:11     | Killed Erica
 11495 | D:11     | Received a gift from Okawaru
 11522 | D:11     | Bought 7 stones for 7 gold pieces
 11598 | D:11     | Found a staircase to the Lair.
 11598 | D:11     | Noticed a purple ugly thing
 11602 | D:11     | Killed a purple ugly thing
 11603 | D:11     | Reached skill level 12 in Unarmed Combat
 11603 | D:11     | Reached XP level 12. HP: 126/126 MP: 8/11
 12608 | D:12     | Noticed a boulder beetle
 12619 | D:12     | Killed a boulder beetle
 12620 | D:12     | Reached skill level 10 in Fighting
 12646 | D:12     | Identified the +2 dagger of Doom {vorpal, Will- Str+4
                  | Int+5}
 12816 | D:12     | Found the +8 demon blade "Leech" {vamp, Harm Drain rN+}
 12819 | D:12     | Found a runed translucent door.
 12820 | D:12     | Noticed a tengu warrior
 12820 | D:12     | Noticed a stone giant
 12820 | D:12     | Noticed a tengu warrior
 12821 | D:12     | Found the +5 scythe "Finisher" {speed, eviscerate}
 12823 | D:12     | Noticed a tengu warrior
 12869 | D:12     | Received a gift from Okawaru
 13233 | D:12     | Reached skill level 13 in Unarmed Combat
 13760 | D:10     | Bought a potion of heal wounds for 65 gold pieces
 13760 | D:10     | Bought a potion of haste for 130 gold pieces
 13851 | Lair:1   | Entered Level 1 of the Lair of Beasts
 14497 | Lair:1   | Noticed a six-headed hydra
 14502 | Lair:1   | Killed a six-headed hydra
 14502 | Lair:1   | Received a gift from Okawaru
 14576 | Lair:1   | Received a gift from Okawaru
 14650 | Lair:1   | Noticed a six-headed hydra
 14658 | Lair:1   | Killed a six-headed hydra
 14765 | Lair:1   | Reached skill level 14 in Unarmed Combat
 14765 | Lair:1   | Reached XP level 13. HP: 135/135 MP: 12/12
 15306 | D:10     | Bought a potion of haste for 110 gold pieces
 15486 | Lair:2   | You fall into a shaft and drop 2 floors!
 15507 | Lair:4   | Identified the +5 flail "Cenoptel" {vamp, +Blink rCorr}
 15648 | Lair:4   | Received a gift from Okawaru
 16055 | Lair:3   | Received a gift from Okawaru
 16169 | Lair:3   | Identified the +6 war axe of Certain Death {vorpal, rC+++
                  | rCorr Str+3 Int-5 Stlth+}
 16215 | Lair:3   | Received a gift from Okawaru
 16335 | Lair:3   | Identified the +2 tower shield of Laibuan {rElec rN+ Dex-3}
                  | (Okawaru gifted it to you on level 3 of the Lair of Beasts)
 16335 | Lair:3   | Received a gift from Okawaru
 16346 | Lair:3   | Reached skill level 15 in Unarmed Combat
 16476 | Lair:3   | Found a runed translucent gate.
 16476 | Lair:3   | Found a runed translucent gate.
 16476 | Lair:3   | Found a runed translucent gate.
 16477 | Lair:3   | Noticed cheesebisquit's ghost (journeyman TrFi)
 16597 | Lair:2   | Found a staircase to the Snake Pit.
 16769 | Lair:2   | Found a staircase to the Swamp.
 17631 | D:10     | Bought a potion of invisibility for 88 gold pieces
 17631 | D:10     | Bought a potion of might for 44 gold pieces
 18719 | Lair:5   | Entered Level 5 of the Lair of Beasts
 18768 | Lair:5   | Noticed Rupert
 19168 | Lair:4   | Killed Rupert
 19235 | Lair:5   | Reached XP level 14. HP: 134/148 MP: 9/13
 19487 | Lair:5   | Identified the +1 leather armour "Vetaseom" {rCorr Str+3
                  | Dex+5 Stlth-}
 19615 | Lair:5   | Reached skill level 16 in Unarmed Combat
 19713 | Lair:5   | Found a staircase to the Slime Pits.
 19714 | Lair:5   | Found a viscous altar of Jiyva.
 20222 | Lair:5   | Received a gift from Okawaru
 20627 | D:10     | Bought a potion of might for 52 gold pieces
 20720 | Orc:1    | Entered Level 1 of the Orcish Mines
 20959 | D:11     | Received a gift from Okawaru
 21364 | Orc:1    | Noticed Gastronok
 21382 | Orc:1    | Killed Gastronok
 21481 | Orc:1    | Found Tup Zuod's General Store.
 21500 | Orc:1    | Bought a scroll of identify for 30 gold pieces
 21500 | Orc:1    | Bought a scroll of identify for 30 gold pieces
 21616 | Orc:1    | Bought 6 stones for 9 gold pieces
 21616 | Orc:1    | Bought 6 stones for 9 gold pieces
 21616 | Orc:1    | Bought 5 stones for 7 gold pieces
 21621 | Orc:2    | Entered Level 2 of the Orcish Mines
 21739 | Orc:2    | Found a staircase to the Elven Halls.
 21819 | Orc:2    | Reached skill level 17 in Unarmed Combat
 21895 | Orc:2    | Found Etir's General Store.
 21895 | Orc:2    | Found Odeudac's Jewellery Shop.
 21900 | Orc:2    | Found Qoonkud's Antique Armour Emporium.
 21900 | Orc:2    | Found Qungabedgh's Distillery.
 21907 | Orc:2    | Bought 6 atropa-tipped darts for 50 gold pieces
 21907 | Orc:2    | Bought a scroll of identify for 28 gold pieces
 21907 | Orc:2    | Bought 3 stones for 4 gold pieces
 21907 | Orc:2    | Bought a wand of roots (3) for 100 gold pieces
 21916 | Orc:2    | Bought a potion of curing for 39 gold pieces
 21916 | Orc:2    | Bought a potion of might for 52 gold pieces
 21916 | Orc:2    | Bought a potion of berserk rage for 65 gold pieces
 21916 | Orc:2    | Bought a potion of berserk rage for 65 gold pieces
 22044 | Orc:2    | Received a gift from Okawaru
 23078 | D:12     | Killed a stone giant
 23162 | D:12     | Identified the +3 war axe of Wizarding Quick Death {vamp,
                  | rCorr}
 23234 | D:13     | Noticed Frances
 23245 | D:13     | Killed Frances
 23327 | D:13     | Reached XP level 15. HP: 158/158 MP: 11/14
 23347 | D:13     | You fall into a shaft and drop 2 floors!
 23347 | D:15     | Entered Level 15 of the Dungeon
 23370 | D:15     | Found Puil's General Store.
 23385 | D:15     | Bought 7 stones for 12 gold pieces
 23385 | D:15     | Bought 3 stones for 5 gold pieces
 23385 | D:15     | Bought 4 stones for 7 gold pieces
 23385 | D:15     | Bought 2 scrolls of blinking for 270 gold pieces
 24137 | D:13     | Noticed Azrael
 24147 | D:13     | Killed Azrael
 24154 | D:13     | Received a gift from Okawaru
 24526 | D:10     | Bought 2 potions of haste for 260 gold pieces
 24777 | D:14     | Reached skill level 18 in Unarmed Combat
 25474 | D:14     | Found a gate to the Vaults.
 25582 | D:14     | Received a gift from Okawaru
 25995 | D:10     | Bought a potion of resistance for 130 gold pieces
 26183 | D:15     | Found a staircase to the Depths.
 26218 | Depths:1 | Entered Level 1 of the Depths
 26369 | D:15     | Found a hazy altar of Hepliaklqana.
 26382 | D:15     | Found Cyfaug's Jewellery Emporium.
 26628 | D:15     | Found Xappyxzi's Weapon Shoppe.
 26650 | D:15     | Bought 6 stones for 7 gold pieces
 26717 | D:15     | Received a gift from Okawaru
 27548 | Swamp:1  | Entered Level 1 of the Swamp
 27582 | Swamp:1  | Received a gift from Okawaru
 27636 | Lair:2   | Reached skill level 19 in Unarmed Combat
 27783 | Swamp:1  | Noticed Nikola
 27892 | Swamp:1  | Killed Nikola
 27898 | Swamp:1  | Noticed a thorn hunter
 27907 | Swamp:1  | Killed a thorn hunter
 27948 | Swamp:1  | Reached XP level 16. HP: 170/170 MP: 12/15
 27972 | Swamp:1  | Received a gift from Okawaru
 28490 | Swamp:2  | Received a gift from Okawaru
 28819 | Swamp:2  | Received a gift from Okawaru
 29556 | Swamp:3  | Received a gift from Okawaru
 29569 | Swamp:3  | Identified Roxanne's Compilation of Stones
 29569 | Swamp:3  | Noticed Roxanne
 29582 | Swamp:3  | Killed Roxanne
 30073 | Swamp:4  | Entered Level 4 of the Swamp
 30166 | Swamp:4  | Received a gift from Okawaru
 30167 | Swamp:4  | Reached skill level 20 in Unarmed Combat
 30239 | Swamp:4  | Found a frozen archway.
 30242 | IceCv    | Entered an ice cave
 30627 | IceCv    | Reached skill level 15 in Throwing
 30665 | IceCv    | Received a gift from Okawaru
 30753 | IceCv    | Noticed an Ice Fiend
 30753 | IceCv    | Noticed an Ice Fiend
 30761 | IceCv    | Killed an Ice Fiend
 30767 | IceCv    | Killed an Ice Fiend
 31200 | Swamp:4  | Identified the +4 scale mail "Jij Laok" {Int+3 Slay-3}
 31600 | Swamp:4  | Noticed a bone dragon
 31616 | Swamp:4  | Killed a bone dragon
 31616 | Swamp:4  | Received a gift from Okawaru
 31617 | Swamp:4  | Reached XP level 17. HP: 75/174 MP: 3/16
 31770 | Swamp:4  | Got a decaying rune of Zot
 32068 | D:10     | Bought a potion of haste for 130 gold pieces
 32226 | D:15     | Bought an amulet of regeneration for 420 gold pieces
 32361 | Snake:1  | Entered Level 1 of the Snake Pit
 32633 | Snake:1  | Received a gift from Okawaru
 32639 | Snake:1  | Reached skill level 21 in Unarmed Combat
 33342 | Snake:2  | Received a gift from Okawaru
 33594 | Snake:2  | Received a gift from Okawaru
 33889 | Snake:2  | Received a gift from Okawaru
 34170 | Snake:2  | Identified the +1 robe of the Meadowlark {Str+7 Int-3}
                  | (Okawaru gifted it to you on level 2 of the Snake Pit)
 34170 | Snake:2  | Received a gift from Okawaru
 34459 | Snake:3  | Noticed Bai Suzhen
 34468 | Snake:3  | Killed Bai Suzhen
 34519 | Snake:3  | Found a transporter.
 34522 | Snake:3  | Found a transporter.
 34698 | Snake:3  | Reached skill level 15 in Fighting
 34744 | Snake:3  | Identified the +0 ring mail "Ipnoy" {Str+3}
 35057 | Snake:3  | Found the +3 hat of Pondering {ponderous, Will+ MP+10
                  | Int+5}
 35367 | Snake:4  | Entered Level 4 of the Snake Pit
 35396 | Snake:4  | Reached skill level 1 in Invocations
 35680 | Snake:4  | Found Diunos's Assorted Antiques.
 35685 | Snake:4  | Found Qyeck's Antique Armour Shoppe.
 35720 | Snake:4  | Reached XP level 18. HP: 162/193 MP: 15/18
 35741 | Snake:4  | Bought a scroll of fear for 80 gold pieces
 35741 | Snake:4  | Bought a potion of heal wounds for 100 gold pieces
 35975 | Snake:4  | Received a gift from Okawaru
 36341 | Snake:4  | Received a gift from Okawaru
 36495 | Snake:4  | Reached skill level 5 in Shields
 36570 | Snake:4  | Received a gift from Okawaru
 36815 | Snake:4  | Found a runed translucent door.
 36815 | Snake:4  | Noticed mif's ghost (journeyman MiBe)
 37045 | Snake:4  | Found Qeimuhuso's Armour Shop.
 37246 | Snake:4  | Found Kauvvu's Magic Scroll Shoppe.
 37260 | Snake:4  | Bought a scroll of enchant armour for 90 gold pieces
 37260 | Snake:4  | Bought a scroll of fog for 48 gold pieces
 37260 | Snake:4  | Bought a scroll of teleportation for 36 gold pieces
 37665 | Snake:4  | Got a serpentine rune of Zot
 37775 | Snake:4  | Killed mif's ghost
 38030 | Vaults:1 | Entered Level 1 of the Vaults
 38135 | Vaults:1 | Found a transporter.
 38135 | Vaults:1 | Found a transporter.
 38139 | Vaults:1 | Found a bloodstained altar of Trog.
 38140 | Vaults:1 | Noticed Kipt's ghost (adept SpFE)
 38324 | Vaults:1 | Reached skill level 5 in Invocations
 38324 | Vaults:1 | Received a gift from Okawaru
 38577 | Vaults:1 | Received a gift from Okawaru
 38740 | Vaults:1 | Found Coreave's Book Shop.
 38882 | Vaults:1 | Received a gift from Okawaru
 38896 | Vaults:1 | Reached XP level 19. HP: 160/204 MP: 22/22
 39045 | Vaults:1 | Identified the +4 trident of Nacesit {vorpal, rPois rN+
                  | Str-2}
 39987 | Vaults:2 | Received a gift from Okawaru
 39997 | Vaults:2 | Found Seothata's General Store.
 40037 | Vaults:2 | Bought 6 atropa-tipped darts for 54 gold pieces
 40037 | Vaults:2 | Bought a potion of ambrosia for 120 gold pieces
 40037 | Vaults:2 | Bought 9 stones for 13 gold pieces
 40059 | Vaults:2 | Found Dionixzy's General Store.
 40232 | Vaults:2 | Found Wuuh's Jewellery Shoppe.
 40409 | Vaults:2 | Identified the +1 hat of Fekacip {rC- rN+++ rCorr Stlth+}
                  | (Okawaru gifted it to you on level 2 of the Vaults)
 40409 | Vaults:2 | Received a gift from Okawaru
 40604 | Vaults:2 | Bought 2 curare-tipped darts for 16 gold pieces
 40604 | Vaults:2 | Bought a scroll of teleportation for 42 gold pieces
 40733 | Vaults:2 | Noticed Xtahua
 40738 | Vaults:2 | Killed Xtahua
 40918 | Vaults:2 | Noticed Saint Roka
 40933 | Vaults:2 | Killed Saint Roka
 40999 | Vaults:2 | Identified the +0 ring mail of Card Tricks {Str+3 Int+4}
 41043 | Vaults:2 | Found Xadghian's Weapon Emporium.
 41044 | Vaults:2 | Noticed Donald
 41068 | Vaults:2 | Killed Donald
 41241 | Vaults:2 | Identified the +7 dagger of Midwinter {freeze, rC+ Int+2
                  | Stlth+}
 41718 | Vaults:3 | Found a staircase to the Crypt.
 41752 | Vaults:3 | Noticed Sojobo
 41756 | Vaults:3 | Paralysed by an air elemental for 1 turns
 41758 | Vaults:3 | Paralysed by an air elemental for 1 turns
 41781 | Vaults:3 | Paralysed by an air elemental for 1 turns
 41789 | Vaults:3 | Killed Sojobo
 42015 | Vaults:3 | Received a gift from Okawaru
 42317 | Vaults:3 | Reached XP level 20. HP: 215/215 MP: 25/25
 42326 | Vaults:3 | Received a gift from Okawaru
 42828 | Vaults:3 | Found a runed translucent gate.
 42829 | Vaults:3 | Found a runed translucent gate.
 42829 | Vaults:3 | Found a runed translucent gate.
 43669 | Vaults:4 | Received a gift from Okawaru
 43955 | Vaults:4 | Noticed Margery
 43965 | Vaults:4 | Killed Margery
 43965 | Vaults:4 | Received a gift from Okawaru
 43966 | Vaults:4 | Reached skill level 10 in Shields
 45096 | Depths:1 | Reached skill level 10 in Invocations
 45097 | Depths:1 | Received a gift from Okawaru
 45514 | Depths:1 | Found a glowing silver altar of Zin.
 45868 | Depths:1 | Reached XP level 21. HP: 198/219 MP: 22/28
 45946 | Depths:1 | Found a corrupted altar of Lugonu.
 45947 | Depths:1 | Found a one-way gate to the infinite horrors of the Abyss.
 45952 | Depths:1 | Found Aruun's Antique Weapon Boutique.
 46055 | Depths:1 | Received a gift from Okawaru
 46142 | Depths:1 | Found a gateway to Hell.
 46757 | Depths:2 | Found a one-way gate leading to the halls of Pandemonium.
 46867 | Depths:2 | Reached skill level 1 in Armour
 47040 | Depths:2 | Received a gift from Okawaru
 47325 | Depths:2 | Identified the +2 robe "Yfota" {rN+}
 47515 | Depths:3 | Noticed a caustic shrike
 47515 | Depths:3 | Noticed a caustic shrike
 47517 | Depths:3 | Noticed a caustic shrike
 47517 | Depths:3 | Noticed a caustic shrike
 47522 | Depths:3 | Noticed a caustic shrike
 48363 | Depths:3 | Received a gift from Okawaru
 48377 | Depths:3 | Noticed a golden dragon
 48380 | Depths:3 | Killed a golden dragon
 48393 | Depths:3 | Noticed a golden dragon
 48397 | Depths:3 | Identified the +1 scale mail of Anaesthesia {rF+++ Regen+
                  | rCorr Int-4}
 48627 | Depths:3 | Reached skill level 5 in Dodging
 48649 | Depths:3 | Received a gift from Okawaru
 48700 | Depths:3 | Found an opulent altar of Gozag.
 48795 | Depths:3 | Killed a caustic shrike
 48795 | Depths:3 | Received a gift from Okawaru
 48814 | Depths:3 | Killed a caustic shrike
 48814 | Depths:3 | Received a gift from Okawaru
 48857 | Depths:3 | Reached skill level 5 in Armour
 48923 | Depths:3 | Noticed a caustic shrike
 48929 | Depths:3 | Killed a caustic shrike
 48944 | Depths:3 | Noticed a caustic shrike
 48950 | Depths:3 | Killed a caustic shrike
 48951 | Depths:3 | Reached XP level 22. HP: 162/236 MP: 17/30
 48955 | Depths:3 | Noticed a caustic shrike
 48967 | Depths:3 | Killed a caustic shrike
 48968 | Depths:3 | Noticed a caustic shrike
 48969 | Depths:3 | Noticed a caustic shrike
 48972 | Depths:3 | Killed a caustic shrike
 48981 | Depths:3 | Killed a caustic shrike
 49146 | Depths:3 | Identified the +0 pair of gloves of Midsummer {+Inv rElec
                  | rN++ Int-5}
 49161 | Depths:3 | Found a shimmering blue altar of Sif Muna.
 49163 | Depths:3 | Found a one-way gateway to a ziggurat.
 49428 | Depths:3 | Noticed a golden dragon
 49437 | Depths:3 | Killed a golden dragon
 49677 | Depths:3 | Found a basalt altar of Yredelemnul.
 49858 | Depths:3 | Killed a golden dragon
 49928 | Depths:3 | Found a burning altar of Makhleb.
 49984 | Depths:3 | Received a gift from Okawaru
 50979 | Depths:4 | Entered Level 4 of the Depths
 50999 | Depths:4 | Received a gift from Okawaru
 52580 | Depths:4 | Received a gift from Okawaru
 52928 | Depths:4 | Found a gate to the Realm of Zot.
 53340 | Elf:1    | Entered Level 1 of the Elven Halls
 53565 | Elf:1    | Found Hacem's Distillery.
 53576 | Elf:1    | Bought a potion of mutation for 152 gold pieces
 53576 | Elf:1    | Bought 2 potions of might for 152 gold pieces
 53576 | Elf:1    | Bought a potion of ambrosia for 152 gold pieces
 53576 | Elf:1    | Bought a potion of curing for 57 gold pieces
 53576 | Elf:1    | Bought a potion of heal wounds for 95 gold pieces
 53576 | Elf:1    | Bought a potion of haste for 190 gold pieces
 53576 | Elf:1    | Bought a potion of berserk rage for 95 gold pieces
 53576 | Elf:1    | Bought a potion of mutation for 152 gold pieces
 53598 | Elf:1    | Found Rijisats's One-of-a-Kind Books.
 53785 | Elf:1    | Found Rogeehuo's Assorted Antiques.
 53796 | Elf:1    | Found Vamuq's Jewellery Emporium.
 53798 | Elf:1    | Found Sula's Antique Armour Shoppe.
 53808 | Elf:1    | Learned a level 6 spell: Statue Form
 53830 | Elf:1    | Bought a potion of curing for 60 gold pieces
 53830 | Elf:1    | Bought a potion of haste for 200 gold pieces
 53830 | Elf:1    | Bought a potion of heal wounds for 100 gold pieces
 53830 | Elf:1    | Bought a potion of curing for 60 gold pieces
 53833 | Elf:1    | Bought the ring of Wuj Cadwifoc {Fly Str+3 Int+2} for 455
                  | gold pieces
 53857 | Elf:1    | Reached XP level 23. HP: 233/244 MP: 23/32
 53941 | Elf:1    | Paralysed by an air elemental for 1 turns
 53990 | Elf:1    | Reached skill level 1 in Earth Magic
 53997 | Elf:1    | Reached skill level 1 in Transmutations
 54133 | Elf:1    | Reached skill level 1 in Spellcasting
 54146 | Elf:1    | Received a gift from Okawaru
 54742 | Elf:2    | Found a runed translucent gate.
 54742 | Elf:2    | Found a runed translucent gate.
 54742 | Elf:2    | Found a runed translucent gate.
 54877 | Elf:2    | Identified the ring of Ofiahoyd {Wiz Fly rElec Dex-2 SInv
                  | Stlth+}
 54909 | Elf:2    | Received a gift from Okawaru
 55776 | Elf:2    | Reached skill level 5 in Earth Magic
 56117 | Elf:3    | Entered Level 3 of the Elven Halls
 56438 | Elf:3    | Reached skill level 5 in Transmutations
 56629 | Elf:3    | Received a gift from Okawaru
 56802 | Elf:3    | Received a gift from Okawaru
 56843 | Elf:3    | Identified the +10 mace "Fiesk" {flame, Str+2}
 56889 | Elf:3    | Identified the +6 trident of Blue Tenacity {vorpal, Fly
                  | rCorr Str-4 Int-3}
 57043 | Elf:3    | Found the +1 robe of Vines {NoPotionHeal Regen++++}
 57181 | Elf:3    | Identified the +2 ring mail of Onwoepn {rPois}
 57218 | Elf:3    | Found the +4 Cigotuvi's embrace {rMiasma Drain rN+}
 57220 | Elf:3    | Found the ring of the Tortoise {AC+8}
 57224 | Elf:3    | Identified the +3 plate armour "Gyteseho" {Rampage Str+4}
 57312 | Elf:3    | Got Toenkihu's Handbook of Cursed Snow
 57323 | Elf:3    | Got Irrampis's Casting Continued
 57357 | Elf:3    | Identified the +9 dagger "Jeinaah" {vorpal, Fly rN+ Int-3}
 57408 | Elf:3    | Identified the +2 war axe "Vomontag" {drain, Int+7}
 57574 | Elf:3    | Reached XP level 24. HP: 250/250 MP: 32/32
 57732 | Elf:3    | Found a corrupted altar of Lugonu.
 57788 | Elf:3    | Paralysed by an air elemental for 1 turns
 57968 | Elf:1    | Bought the amulet "Yrieb" {Spirit rPois Str+4} for 644 gold
                  | pieces
 58266 | Slime:1  | Entered Level 1 of the Pits of Slime
 58626 | Slime:2  | Received a gift from Okawaru
 58661 | Slime:2  | Gained mutation: You occasionally shout uncontrollably at
                  | your foes. [a shining eye]
 60290 | Slime:4  | Gained mutation: Your body sometimes deteriorates upon
                  | taking damage. [a shining eye]
 60343 | Slime:3  | Gained mutation: Armour fits poorly on your strangely
                  | shaped body. [a shining eye]
 60649 | Slime:5  | Entered Level 5 of the Pits of Slime
 60667 | Slime:5  | Noticed the Royal Jelly
 60668 | Slime:5  | Noticed Dissolution
 60682 | Slime:5  | HP: 3/253 [Dissolution (11)]
 60682 | Slime:5  | Splashed by Dissolution's acid

Illustrated notes

Levels and vault maps discovered:
D:1:      scummos_arrival_gate, layout_basic, chequers_ecumenical_altar_island,
          serial_shops, nicolae_shop_trees, minmay_nonomino_d4
D:2:      layout_basic, st_stairs_12, hex_tiny, uniq_crazy_yiuf_cottage
D:3:      layout_basic, mainiacjoe_overflow_24_doors, ebering_ghost_inner_flame,
          chequers_serial_rivers_small_b, nicolae_eternal_life
D:4:      layout_basic
D:5:      layout_cave_pods, gammafunk_ghost_stat_death, minmay_chambers_of_fives
D:6:      layout_loops_cross, minmay_temple_entry_statues_pillars,
          chequers_serial_rivers_small_a
D:7:      layout_loops_corners, vehumet_altar_wand_db, grunt_gozag_breadcrumbs,
          minmay_manual_maat, uniq_prince_ribbit1, uniq_duvessa, uniq_menkaure
D:8:      minmay_the_grid_four_pointed_star
          [minmay_the_grid_triangle_9x9_from_above,
          minmay_the_grid_triangle_9x9_pentomino_pain,
          minmay_the_grid_triangle_9x9_wacky_v,
          minmay_the_grid_triangle_9x9_swiss_cheese,
          minmay_the_grid_prize_trominoes], layout_basic,
          chequers_temple_overflow_minitemple, lightli_bailey_entry_fortress,
          serial_rivers, chequers_serial_rivers_micro_d,
          chequers_serial_rivers_small_b, chequers_serial_rivers_small_b,
          chequers_serial_rivers_room_b, chequers_serial_rivers_small_b
D:9:      layout_long_grid, serial_shops, shop, hellmonk_guarded_unrand_zhor,
          uniq_joseph
D:10:     layout_roguey, grunt_temple_overflow_diamond, serial_shops,
          nicolae_square_shop, shop, nicolae_inconvenience_store, uniq_urug,
          uniq_nergalle
D:11:     layout_roguey, lair_entry_dummy, orc_david_3, uniq_erica
D:12:     layout_layer_cave, kennysheep_cluttered_room, minmay_st_funbox
D:13:     layout_loops_ring, reono_crystal_passage,
          chequers_serial_rivers_large_b, uniq_frances, uniq_azrael
D:14:     layout_loops_ring, grunt_vaults_entry_fortified, minivault_23,
          minmay_strange_pillars, minivault_22
D:15:     hangedman_depths_entry_try_elsewhere_first, layout_stronghold,
          nicolae_hepliaklqana_hazy_memory, serial_shops, nicolae_diamond_shop,
          shop_statue, nicolae_shop_bloodbath_and_beyond,
          gauntlet_entry_generic, minivault_22
Temple:   nicolae_temple_bog_church
Lair:1:   layout_layer_cave, grunt_megastairs_4
Lair:2:   layout_cave_pods, minmay_swamp_entry_reptiles,
          minmay_snake_entry_guardpost_small
Lair:3:   layout_gridlike, gammafunk_ghost_necromancy,
          hangedman_lair_generics_rect
Lair:4:   layout_regular_city
Lair:5:   grunt_lair_end_beastmaster, layout_misc_corridors,
          nicolae_slime_entry_slimehenge, serial_bayou_shore_b,
          grunt_megastairs_2, uniq_rupert
Swamp:1:  layout_falls_marsh, infiniplex_staircase_pool, uniq_nikola
Swamp:2:  layout_falls_marsh, nicolae_swamp_orc_logging_accident
Swamp:3:  layout_basic_swamp, nicolae_swamp_tree_designs, swamp_pool4,
          nicolae_swamp_wisp_ring_woods, uniq_roxanne
Swamp:4:  swamp_pestilence, layout_basic_swamp,
          portal_ice_cave_entry_pillars_three
Snake:1:  layout_basic
Snake:2:  layout_grid_shapes
Snake:3:  gammafunk_the_bubble [the_bubble_gammafunk_plus_minus],
          layout_gridlike, nrook_guardian_serpent_double, uniq_bai_suzhen
Snake:4:  grunt_snake_rune_spirals, layout_onion, ebering_ghost_reflecting_pool,
          serial_shops, shop, shop, shop_scrolls, shop
Slime:1:  layout_caves
Slime:2:  layout_caves
Slime:3:  layout_caves
Slime:4:  layout_caves
Slime:5:  uniq_dissolution
Orc:1:    layout_caves, serial_shops, shop, mines5_lemuel, uniq_gastronok
Orc:2:    grunt_orc_tribal_feast, layout_caves, basic_altar
Elf:1:    elf_arrival_001, layout_geoelf_diagonals, serial_shops, shop,
          special_room [special_room_mythical_zoo],
          kennysheep_underground_church, nicolae_rare_books, minmay_shop_star
Elf:2:    nicolae_elf_blades_splatter_lattice [nicolae_blade_entry_antechamber],
          layout_loops_ring, drop_trap, nicolae_elf_crossing_hall
Elf:3:    nooodl_elf_gasket, layout_gridlike, nicolae_elf_theology_debate
Vaults:1: gammafunk_ghost_wrathful_warriors, grunt_vaults_twisty,
          vaults_dpeg_ring, grunt_vaults_hallway_long,
          nicolae_vaults_windows_and_doors_thing, vaults_room_fancy_cross,
          grunt_vaults_hallway_long, nicolae_vaults_angled_halls,
          layout_vaults_omnigrid, serial_shops, shop
Vaults:2: hangedman_vaults_stagger, hangedman_vaults_stitches,
          nicolae_vaults_disjoint_gnomons, hangedman_vaults_corner_blocks,
          ontoclasm_vaults_decontamination, v_misc_8,
          nicolae_vaults_diagonal_hallway_8, st_check, ontoclasm_vaults_spin,
          vaults_mumra_lcd, nicolae_vaults_puzzle_piece, ontoclasm_vaults_eye,
          layout_vaults_maze_snakey, serial_shops, shop_statue, shop, shop,
          nicolae_shop_advertising_works [nicolae_subvault_shop_adworks],
          uniq_xtahua, uniq_donald, uniq_saint_roka
Vaults:3: ploomutoo_gammafunk_ghost_potion_laboratory, v_misc_9,
          nicolae_vaults_c_with_doors, minmay_crypt_entry_simple_box,
          vaults_room_fours, v_misc_25, hangedman_vaults_restitches,
          nicolae_vaults_little_squares_4, v_misc_12,
          vaults_room_stairs_pillars, nicolae_vaults_specimen_jars,
          ontoclasm_vaults_pinch, vaults_room_large_hall,
          grunt_vaults_hallway_short, nicolae_vaults_little_ls,
          layout_vaults_omnicross, uniq_sojobo
Vaults:4: nicolae_vaults_triangles, vaults_mumra_hex, hangedman_vaults_capsules,
          hangedman_vaults_corner_blocks, nicolae_vaults_circle_grid_a,
          v_misc_26, hangedman_vaults_variations, vaults_mumra_minichess,
          ontoclasm_vaults_twist, v_misc_13, nicolae_vaults_asterisk, v_misc_24,
          nicolae_vaults_asterisk, vaults_room_pools,
          ontoclasm_vaults_ring_small, layout_vaults_ring, uniq_margery
Depths:1: minmay_quantized_circle, layout_gridlike, mu_enter_wizlab_2,
          chequers_serial_rivers_room_b, abyss_entry_flame_altar, serial_shops,
          shop, hell_entry, zin_academy
Depths:2: kennysheep_oblong_rooms, layout_gridville, hell_entry,
          corexii_corridor_pit, pan_entry, minmay_liquid_box,
          infiniplex_staircase_pool_1
Depths:3: grunt_profane_halls [grunt_profane_temple_geh,
          grunt_profane_temple_coc, grunt_profane_temple_dis,
          grunt_profane_temple_tar, grunt_profane_loot], abyss_entry, pan_entry,
          hell_entry
Depths:4: grunt_zot_entry_gee_three, layout_basic, hangedman_tar_grid_catacomb,
          pan_entry, abyss_entry, minmay_misc_feat_encased

Skill      XL: |  1  2  3  4  5  6  7  8  9 10 11 12 13 14 15 16 17 18 19 20 21 22 23 24 |
---------------+-------------------------------------------------------------------------+-----
Unarmed Combat | 3 4 5 6 7 8 10 12 14 15 17 19 20 21 | 21.8
Throwing       | 1 2 3 4 6 9 10 11 12 13 14 15 16 17 18 | 18.5
Fighting       | 3 4 5 6 8 9 10 11 12 13 14 15 16 17 | 17.3
Shields        | 3 6 9 11 12 13 | 13.9
Invocations    | 2 6 8 10 12 13 | 13.6
Armour         | 5 7 |  7.5
Dodging        | 5 9 |  9.0
Earth Magic    | 8 9 |  9.8
Transmutations | 7 8 |  8.2
Spellcasting   | 3 4 |  4.4

Action                   |  1- 3 |  4- 6 |  7- 9 | 10-12 | 13-15 | 16-18 | 19-21 | 22-24 || total
-------------------------+-------+-------+-------+-------+-------+-------+-------+-------++-------
Melee: Unarmed           |   110 |   154 |   191 |   260 |   386 |   405 |   488 |   473 ||  2467
Throw: Stone             |    24 |     5 |    36 |    93 |    27 |    44 |       |       ||   229
       Boomerang         |       |    35 |    44 |    26 |   109 |   202 |    83 |    29 ||   528
       Dart              |       |       |    51 |    29 |     7 |    32 |    24 |     3 ||   146
       Javelin           |       |       |    15 |    88 |   109 |    70 |    75 |     3 ||   360
       Throwing net      |       |       |       |     2 |       |       |     9 |       ||    11
       Large rock        |       |       |       |    10 |   184 |   311 |   456 |   722 ||  1683
Invok: Heroism           |       |       |     6 |    36 |   110 |   114 |    76 |    68 ||   410
       Finesse           |       |       |       |       |       |     1 |    10 |    27 ||    38
  Use: Scroll            |     2 |     3 |    12 |     9 |    12 |    10 |     5 |     4 ||    57
       Potion            |       |     3 |     1 |     3 |    16 |    23 |    11 |     7 ||    64
 Stab: Invisible         |       |       |       |     1 |       |     5 |     2 |     2 ||    10
       Petrified         |       |       |       |       |     2 |       |       |       ||     2
       Paralysed         |       |       |       |       |       |     1 |       |       ||     1
       Sleeping          |       |       |       |       |       |       |     2 |       ||     2
       Distracted        |       |       |       |       |       |       |     1 |       ||     1
Armor: Robe              |    37 |    43 |    93 |     2 |       |       |       |       ||   175
       Fire dragon scale |       |       |       |    69 |       |       |       |       ||    69
       Animal skin       |       |       |       |    27 |   163 |   171 |    70 |    87 ||   518
Dodge: Dodged            |    41 |    49 |    96 |    91 |   130 |   140 |    98 |   121 ||   766
Block: Kite shield       |    30 |    41 |   104 |   116 |   176 |   253 |   218 |   247 ||  1185
       Reflection        |       |       |     4 |    11 |    18 |    43 |    45 |    46 ||   167
